Map: Ephemeron LE

Players

Vato - Winner!

  • Race: Zerg Zerg
  • League: Platinum
  • Spawn Location: 5:00

pHARM

  • Race: Zerg Zerg
  • League: Platinum
  • Spawn Location: 11:00

VOD

Have the link to the VOD?

Description

Time

  • Played on: Sept. 1, 2019, 5:51 p.m.
  • Length: 4:20
Show
View Real Time Build Order
Export as new Build Order

Vato Zerg - Winner!

Build Orders: Pool First 

Get SALT Encoding   

  12  0:07  Drone  
  12  0:08  Drone  
  14  0:27  Spawning Pool  
  13  0:30  Drone  
  14  0:39  Extractor  
  13  0:51  Drone  
  13  0:55  Drone, Extractor  
  15  0:59  Overlord  
  16  1:28  Hatchery  
  15  1:39  Zergling x4  
  18  1:40  Zergling x2  
  18  2:10  Spine Crawler  
  16  2:17  Spine Crawler  
  16  2:19  Zergling x6  
  18  2:41  Drone  
  18  2:43  Zergling x4  
  21  2:58  Spine Crawler  
  20  3:01  Extractor  
  20  3:04  Roach Warren  
  17  3:25  Zergling x4  
  17  3:26  Zergling x2  
  19  3:44  Zergling x2  
  18  4:02  Zergling x6  
Show
View Real Time Build Order
Export as new Build Order

pHARM Zerg 

Build Orders: Hatch First 

Get SALT Encoding   

  12  0:01  Drone  
  13  0:12  Overlord  
  13  0:18  Drone  
  14  0:31  Drone x2  
  16  0:51  Hatchery  
  16  0:56  Drone  
  16  0:58  Drone  
  17  1:06  Drone  
  18  1:13  Drone  
  19  1:20  Spawning Pool  
  19  1:21  Drone  
  19  1:51  Drone x3  
  22  2:11  Spine Crawler  
  22  2:15  Spine Crawler  
  20  2:17  Drone x4  
  24  2:25  Drone x2  
  23  2:37  Queen x2  
  23  2:43  Zergling x2  
  28  2:53  Overlord  
  28  2:54  Overlord  
  28  2:59  Spine Crawler  
  28  3:01  Spine Crawler  
  25  3:10  Zergling x2  
  25  3:11  Zergling x6  
  25  3:12  Zergling x2  
  29  3:18  Zergling x2  
  28  3:30  Spine Crawler  
  25  3:37  Extractor  
  23  3:42  Zergling x4  
  23  3:46  Zergling x2  
  19  3:58  Spine Crawler  
Tags
 
Matchup
ZvZ
Race
Zerg
Replay Pack
10.7.19
Spawn Locations
Cross Positions
Add a new tag
Caveats
  • Supply blocks, unpowered buildings, or Contaminate may cause inaccurate times.
  • Supply counts are checked every 10 seconds.